 Dungeon Crawl Stone Soup version 0.24-a0-618-ge4662a2 (webtiles) character file.

Game seed: 14673624995031667284, levelgen mode: deterministic

716 BoppinsLewinski the Chopper (level 8, -2/91 HPs)
             Began as a Human Berserker on Sept 16, 2019.
             Was a Believer of Trog.
             Killed from afar by Blork the orc (9 damage)
             ... with a magic dart
             ... on level 5 of the Dungeon.
             The game lasted 00:08:19 (4239 turns).

BoppinsLewinski the Chopper (Human Berserker)       Turns: 4239, Time: 00:08:20

Health: -2/91      AC: 24    Str: 19 (21) XL:     8   Next: 1%
Magic:  8/8        EV:  2    Int: 10 (12) God:    Trog [**....]
Gold:   158        SH:  0    Dex: 14 (17) Spells: 7/7 levels left

rFire    + . .     SeeInvis +   a - +0 hand axe
rCold    + . .     Gourm    .   (no shield)
rNeg     + + +     Faith    .   (armour currently unavailable)
rPois    +         Spirit   .   (helmet currently unavailable)
rElec    +         Reflect  .   (cloak currently unavailable)
rCorr    +         Harm     .   (gloves currently unavailable)
MR       .....     NoTele   +   (boots currently unavailable)
Stlth    ++........             (no amulet)
HPRegen  0.25/turn              y - ring of see invisible
MPRegen  0.11/turn              x - ring of poison resistance

@: brilliant, agile, tree-form (expiring), resistant, berserk cooldown, slowed,
very slow
A: no striking features
a: Berserk, Trog's Hand, Renounce Religion


You were on level 5 of the Dungeon.
You worshipped Trog.
Trog was pleased with you.
You were not hungry.
You were a tree.
You visited 1 branch of the dungeon, and saw 5 of its levels.

You collected 158 gold pieces.

Inventory:

Hand Weapons
 a - a +0 hand axe (weapon)
Armour
 b - a +0 animal skin
 f - a +0 scale mail (melded)
 p - a +0 cloak (melded)
 r - a +0 pair of gloves (melded)
Jewellery
 h - an uncursed ring of positive energy
 x - a ring of poison resistance (right branch)
 y - a ring of see invisible (left branch)
 A - an uncursed ring of stealth {unknown}
Scrolls
 d - a scroll of noise {unknown}
 e - 2 scrolls of enchant armour {unknown}
 g - 2 scrolls of blinking {unknown}
 i - 3 scrolls of identify {unknown}
 j - 2 scrolls of enchant weapon {unknown}
 l - 2 scrolls of teleportation {unknown}
 m - a scroll of amnesia {unknown}
 n - 2 scrolls of remove curse
 s - a scroll of fear {unknown}
 v - a scroll of immolation {unknown}
Potions
 o - a potion of resistance
 w - a potion of degeneration
Comestibles
 c - 9 rations


   Skills:
 + Level 4.7 Fighting
 * Level 6.0 Axes
 + Level 4.1 Armour
 + Level 4.0 Dodging


You had 7 spell levels left.
You didn't know any spells.
Your spell library was empty.

Dungeon Overview and Level Annotations

Branches:
Dungeon (5/15)
 Temple: D:4-7

Altars:
Fedhas
Qazlal
Ru
Sif Muna

Annotations:
D:5 Blork the orc


Message History

It was a potion o' degeneration.
Thar was somethin' very wrong wit tha liquid.
Ye feel weaken'd.
Ye feel dopey.
Ye feel clumsy.
Blork tha orc hits ye but does nay damage.
Tha orc wizard mumbles some strange words.
Tha orc wizard seems ta speed up.
It was a potion o' brilliance.
Ye feel cle'er all o' a sudd'n.
Tha orc wizard casts a spell.
Tha orc wizard blinks!
Blork tha orc hits ye but does nay damage.
Ye be too injured ta fight recklessly!
Unknown command.
Ye be too injured ta fight recklessly!
Unknown command.
Ye barely miss Blork tha orc.
Blork tha orc be lightly wounded.
Blork tha orc points at ye an' mumbles some strange words.
Tha magic dart hits ye!
Ye die...

..# #.# #.#
... #§# #h#
#o# #♣# #)#
##)#
####$)##.#
########
#........#
#......#
#.##.##.....
#.####.#
#.##.# .####
.....#.##
#.##.. .
#.......#
#.##### #.


You could see Blork the orc (invisible) and a hound.

Vanquished Creatures
  2 scorpions
  2 bullfrog skeletons
  2 hounds
  2 orc wizards
  5 orc priests
  Ijyb (D:4)
  4 worker ants (D:4)
  8 gnolls (D:3)
  2 adders (D:2)
  A shadow imp (D:5)
  An adder skeleton (D:4)
  3 worms
  4 leopard geckos
  5 orcs
  2 ball pythons
  4 bats
  3 giant cockroaches
  4 goblins
  7 hobgoblins
  A quokka (D:5)
  3 frilled lizards
  A jackal zombie (D:5)
  4 kobolds (D:1)
  5 rats
76 creatures vanquished.

Notes
Turn   | Place    | Note
-------+----------+-------------------------------------------
     0 | D:1      | BoppinsLewinski the Human Berserker began the quest for the
                  | Orb.
     0 | D:1      | Reached XP level 1. HP: 18/18 MP: 1/1
    82 | D:1      | Reached XP level 2. HP: 22/24 MP: 2/2
   652 | D:1      | Reached XP level 3. HP: 27/29 MP: 3/3
  1515 | D:2      | Found a shimmering blue altar of Sif Muna.
  1838 | D:3      | Found a blossoming altar of Fedhas.
  1909 | D:3      | Reached XP level 4. HP: 35/35 MP: 4/4
  1917 | D:3      | Reached skill level 4 in Axes
  2211 | D:3      | Found a stormy altar of Qazlal.
  2372 | D:3      | Reached XP level 5. HP: 9/41 MP: 5/5
  2372 | D:3      | Reached ** piety under Trog
  2679 | D:3      | Found a faded altar of an unknown god.
  2894 | D:4      | Reached XP level 6. HP: 30/48 MP: 6/6
  3109 | D:4      | Noticed Ijyb
  3129 | D:4      | Killed Ijyb
  3190 | D:4      | Reached skill level 5 in Axes
  3206 | D:4      | Reached XP level 7. HP: 22/54 MP: 7/7
  3427 | D:4      | Found a sacrificial altar of Ru.
  4058 | D:5      | Entered Level 5 of the Dungeon
  4206 | D:5      | Noticed Blork the orc
  4213 | D:5      | Reached skill level 6 in Axes
  4213 | D:5      | Reached XP level 8. HP: 39/61 MP: 8/8
  4231 | D:5      | HP: 4/91 [something (2)]
  4239 | D:5      | Killed from afar by Blork the orc

Levels and vault maps discovered:
D:1:      roderic_chinese_lattice_arrival, layout_basic
D:2:      layout_basic, nicolae_overflow_crystal_walls
D:3:      layout_loops_ring, fedhas_ov_isle_minmay,
          chequers_ecumenical_altar_simple, grunt_qazlal_sundering
D:4:      minmay_general_purpose_star, layout_loops_corners,
          lemuel_doored_altar, first_ration, uniq_ijyb
D:5:      layout_loops_cross, serial_shops, shop, grunt_ministairs_9,
          minmay_manual_monolith, uniq_blork_the_orc, uniq_menkaure

Skill      XL: |  1  2  3  4  5  6  7 |
---------------+----------------------+-----
Axes           | 4 5 6 |  6.0
Armour         | 3 4 |  4.1
Dodging        | 3 4 |  4.0
Fighting       | 4 |  4.7

Action                   |  1- 3 |  4- 6 |  7- 9 || total
-------------------------+-------+-------+-------++-------
Melee: Hand axe          |    95 |   135 |   128 ||   358
Invok: Berserk           |     2 |     2 |     1 ||     5
       Trog's Hand       |       |     2 |     2 ||     4
  Use: Potion            |       |     1 |     7 ||     8
       Scroll            |       |       |     1 ||     1
  Eat: Chunk             |     4 |     3 |     4 ||    11
       Ration            |       |     1 |     1 ||     2
Armor: Scale mail        |    38 |    62 |    63 ||   163
       Skin              |       |       |     9 ||     9
Dodge: Dodged            |    44 |    68 |    74 ||   186

Table legend:
 A = Non-vault XP
 B = Vault XP
 C = Vault XP percentage of total XP
 D = Non-vault monster count
 E = Vault monster count
 F = Vault count percentage of total count
                 A         B        C        D         E       F
            +---------+---------+-------+---------+---------+-------
      Total |     903 |     121 |  11.8 |      71 |       5 |   6.6
            +---------+---------+-------+---------+---------+-------
        D:1 |      30 |       0 |   0.0 |      18 |       0 |   0.0
        D:2 |      35 |       0 |   0.0 |       6 |       0 |   0.0
        D:3 |     190 |       0 |   0.0 |      22 |       0 |   0.0
        D:4 |     351 |     118 |  25.2 |      15 |       4 |  21.1
        D:5 |     297 |       3 |   1.0 |      10 |       1 |   9.1
            +---------+---------+-------+---------+---------+-------
